 Dungeon Crawl Stone Soup version 0.31-a0-875-g02e7d12df6 (webtiles) character file.

Game seed: 10091464073675740883

7 Azuregosa the Conjurer (level 2, -1/17 HPs)
             Began as a Tengu Reaver on Oct 12, 2023.
             Slain by a kobold
             ... wielding a +4 whip of electrocution
              (17 damage)
             ... on level 1 of the Dungeon.
             The game lasted 00:02:30 (354 turns).

Azuregosa the Conjurer (Tengu Reaver)                Turns: 354, Time: 00:02:31

Health: -1/17      AC:  3    Str: 12    XL:     2   Next: 4%
Magic:  6/6        EV: 12    Int: 13    God:
Gold:   12         SH:  0    Dex: 12    Spells: 4/5 levels left

rFire   . . .        a - +0 short sword
rCold   . . .        (no shield)
rNeg    . . .        b - +0 leather armour
rPois   .            (helmet restricted)
rElec   .            (no cloak)
rCorr   .            (no gloves)
SInv    .            (boots unavailable)
Will    .....        (no amulet)
Stlth   +            (no ring)
HPRegen 0.22/turn    (no ring)
MPRegen 0.10/turn

%: acrobat
@: no status effects
A: beak, talons 3, acrobatic
a: no special abilities


You were on level 1 of the Dungeon.
You visited 1 branch of the dungeon, and saw 2 of its levels.

You collected 12 gold pieces.

Inventory:

Hand Weapons
 a - a +0 short sword (weapon)
Armour
 b - a +0 leather armour (worn)
 d - a +0 pair of boots
Scrolls
 f - a scroll of poison {unknown}
 g - a scroll of blinking {unknown}
Potions
 c - a potion of degeneration {unknown}
 e - a potion of curing {unknown}
 h - a potion of heal wounds {unknown}


   Skills:
 + Level 2.1 Fighting
 - Level 3.2 Short Blades
 + Level 2.4 Dodging
 + Level 2.1 Spellcasting
 + Level 4.2 Conjurations


You had 4 spell levels left.
You knew the following spells:

 Your Spells              Type           Power      Damage    Failure   Level
a - Kiss of Death         Conj/Necr      24%        2d7       14%         1

Your spell library contained the following spells:

 Spells                   Type           Power      Damage    Failure   Level
 Momentum Strike          Conj/Tloc      12%        3d8       21%         2
 Hailstorm                Conj/Ice       6%         3d4       38%         3


Dungeon Overview and Level Annotations

Branches:
Dungeon (2/15)

Altars:


Innate Abilities, Weirdness & Mutations

You have a beak for a mouth.
You have claws for feet.
You can magically evade attacks while moving or waiting.


Message History

You kill the kobold!
You see here a +0 short sword.
HP restored.
Found 3 stones.
You now have 12 gold pieces.
You see here 3 stones.
A kobold comes into view. It is wielding a +0 club.
The kobold shouts!
You hear an angry hiss.
You barely miss the kobold. Your kick misses the kobold.
The kobold hits you with a +0 club.
You hit the kobold but do no damage. Your kick misses the kobold.
Your peck misses the kobold. The kobold hits you with a +0 club.
You hit the kobold.
You kill the kobold!
You have reached level 2!
Found a stone staircase leading down.
f - a scroll labelled CARCHA RIMO
Found an inky potion.
There is a stone staircase leading down here.
You climb downwards.
Found a scroll labelled ISIUBR ZYRHURE.
There is a stone staircase leading up here.
g - a scroll labelled ISIUBR ZYRHURE
There is a stone staircase leading up here.
You climb upwards.
There is a stone staircase leading down here.
Found 10 gold pieces.
A frilled lizard comes into view.
A kobold comes into view.
It is wielding a +4 whip of electrocution.
h - an inky potion
There are no items here.
The frilled lizard barely misses you.
You hit the frilled lizard.
You kill the frilled lizard!
You hit the kobold. Your kick misses the kobold.
The kobold is moderately wounded.
The kobold hits you with a +4 whip of electrocution.
You are electrocuted!
Ouch! That really hurt!
You die...

......#.# .#..
####..#.# ... #.....#
..# # #.#...#
###..#.# #.#...##
#..... #.#....# #.#.#
..#.#.)####...#
###.#....>...#####.#
#.....#.#.#.@....#
#.#.#.#.#.#K#####....
###.#.#.#...# #
..#.#.#....
####.#.#...#
..#.#..$# ###.##.##
..


You could see a kobold.

Vanquished Creatures
  3 jackals (D:1)
  A frilled lizard (D:1)
  2 kobolds (D:1)
  A rat (D:1)
7 creatures vanquished.

Notes
Turn   | Place    | Note
-------+----------+-------------------------------------------
     0 | D:1      | Azuregosa the Tengu Reaver began the quest for the Orb.
     0 | D:1      | Reached XP level 1. HP: 12/12 MP: 4/4
   325 | D:1      | Reached XP level 2. HP: 11/17 MP: 6/6
   354 | D:1      | Slain by a kobold

Illustrated notes

Levels and vault maps discovered:
D:1:      dpeg_arrival_prison, layout_basic,
          chequers_ecumenical_altar_simple_redux
D:2:      layout_loops_ring

Action                     || total
---------------------------++-------
  Melee: Short sword       ||    37
         Peck              ||     9
         Kick              ||     8
         Punch             ||     1
   Cast: Kiss of Death     ||     1
 Armour: Leather armour    ||    15
  Dodge: Dodged            ||    14

Table legend: (Time is in decaauts)
 A = Elapsed time spent in this place.
 B = Non-inter-level travel time spent in this place.
 C = Inter-level travel time spent in this place.
 D = Time resting spent in this place.
 E = Time spent auto-exploring this place.
 F = Levels seen in this place.
 G = Mean time per level.
                   A        B        C        D        E       F      G
               +--------+--------+--------+--------+--------+-----+--------+
         Total |    348 |    348 |      0 |    100 |    134 |   2 |  174.0 |
       Dungeon |    348 |    348 |      0 |    100 |    134 |   2 |  174.0 |
               +--------+--------+--------+--------+--------+-----+--------+

Top non-repeatable levels by time:
     D:1: 337 daAuts
     D:2: 11 daAuts
